[ AOE2 MATCH · #493404109 ]
UnrankedItalians vs Koreans
Player's team · LOSS
Rival team · WIN
[ REPLAY ANALYSIS · EXTRACTED FROM THE RECORDED GAME ]
Feudal
9:42
Castle
20:49
Imperial
36:25
| APM avg | 67.5 |
| APM peak | 98 |
| eAPM avg | 25.6 |
| Villagers / military | 107 / 72 |
Focus
⚔️ 40.8% · 🌾 59.2%
Archer ×35 · Knight ×21 · Unknown (882) ×11 · Monk ×6 · Scout Cavalry ×5 · Militia ×4
Feudal
9:40
Castle
22:09
Imperial
38:50
| APM avg | 90.2 |
| APM peak | 133 |
| eAPM avg | 48.7 |
| Villagers / military | 134 / 164 |
Focus
⚔️ 58.5% · 🌾 41.5%
Skirmisher ×82 · Fire Lancer ×77 · Monk ×3 · Spearman ×1 · Trebuchet (Packed) ×1
Match map
Initial resources + every placement click. Lines = walls · curves = elevation contours. ◆ gold · ⬟ stone · ● berries · ✦ relic · ◌ wall gap
Your base· ✓ Closed at 20:49 · 49t walls · 1 gate(s)
Oni.TheViper's base· Open — unwalled flank
Smoothed initial terrain · ◌ = detected wall gap · hover for details
Inputs per minute
— KSV - - Oni.TheViper
Build order — KSV
First 150 of 328 actions detected
| 0:00 | Create | Villager (Male) |
| 0:00 | Create | Villager (Male) |
| 0:01 | Create | Villager (Male) |
| 0:01 | Create | Villager (Male) |
| 0:02 | Build | House |
| 0:03 | Build | House |
| 1:26 | Create | Villager (Male) |
| 1:50 | Build | Lumber Camp |
| 1:58 | Create | Villager (Male) |
| 2:22 | Create | Villager (Male) |
| 2:52 | Create | Villager (Male) |
| 3:10 | Create | Villager (Male) |
| 3:33 | Create | Villager (Male) |
| 4:01 | Create | Villager (Male) |
| 4:05 | Build | House |
| 4:32 | Create | Villager (Male) |
| 4:53 | Create | Villager (Male) |
| 4:53 | Create | Villager (Male) |
| 4:53 | Create | Villager (Male) |
| 4:56 | Build | Barracks |
| 5:15 | Create | Villager (Male) |
| 5:29 | Build | House |
| 5:31 | Build | House |
| 5:46 | Create | Villager (Male) |
| 5:50 | Create | Militia |
| 5:50 | Create | Militia |
| 6:03 | Create | Villager (Male) |
| 6:10 | Build | Mill |
| 6:31 | Create | Villager (Male) |
| 7:01 | Research | Loom |
| 7:30 | Research | Feudal Age |
| 7:33 | Build | Mining Camp |
| 8:35 | Create | Militia |
| 8:45 | Create | Militia |
| 8:47 | Build | House |
| 9:42 | Age | Feudal Age |
| 9:47 | Create | Villager (Male) |
| 9:58 | Create | Villager (Male) |
| 10:06 | Research | Man-at-Arms (upgrade) |
| 10:11 | Create | Villager (Male) |
| 10:13 | Build | Archery Range |
| 10:15 | Research | Double-Bit Axe |
| 10:18 | Build | Mill |
| 10:35 | Create | Villager (Male) |
| 10:55 | Build | House |
| 10:57 | Build | House |
| 11:01 | Create | Villager (Male) |
| 11:10 | Build | Farm |
| 11:12 | Create | Archer |
| 11:19 | Build | Palisade Wall |
| 11:21 | Build | Palisade Wall |
| 11:23 | Build | Palisade Wall |
| 11:25 | Create | Villager (Male) |
| 11:29 | Create | Archer |
| 11:52 | Create | Archer |
| 11:59 | Build | Palisade Wall |
| 12:00 | Create | Villager (Male) |
| 12:05 | Create | Archer |
| 12:07 | Build | Farm |
| 12:08 | Build | Farm |
| 12:20 | Create | Villager (Male) |
| 12:31 | Build | Farm |
| 12:33 | Build | Palisade Gate |
| 12:35 | Build | Palisade Wall |
| 12:47 | Build | Farm |
| 13:04 | Create | Villager (Male) |
| 13:17 | Build | Blacksmith |
| 13:29 | Create | Villager (Male) |
| 13:38 | Build | House |
| 13:39 | Build | Palisade Wall |
| 13:41 | Build | Palisade Wall |
| 13:53 | Create | Villager (Male) |
| 13:56 | Create | Archer |
| 14:05 | Research | Fletching |
| 14:24 | Create | Villager (Male) |
| 14:30 | Build | Farm |
| 14:39 | Create | Villager (Male) |
| 14:58 | Build | Stable |
| 15:01 | Create | Villager (Male) |
| 15:05 | Build | Palisade Wall |
| 15:07 | Create | Archer |
| 15:12 | Build | House |
| 15:29 | Create | Villager (Male) |
| 15:30 | Build | Farm |
| 15:34 | Create | Scout Cavalry |
| 15:39 | Build | Farm |
| 15:42 | Create | Villager (Male) |
| 16:00 | Create | Villager (Male) |
| 16:00 | Create | Scout Cavalry |
| 16:07 | Build | Palisade Wall |
| 16:08 | Build | House |
| 16:21 | Create | Scout Cavalry |
| 16:24 | Build | Market |
| 16:27 | Create | Scout Cavalry |
| 16:32 | Create | Villager (Male) |
| 16:39 | Build | Farm |
| 16:40 | Build | Farm |
| 16:41 | Create | Scout Cavalry |
| 16:48 | Build | House |
| 16:52 | Create | Archer |
| 16:56 | Create | Villager (Male) |
| 17:03 | Build | Farm |
| 17:05 | Build | Farm |
| 17:12 | Build | Farm |
| 17:21 | Create | Villager (Male) |
| 17:35 | Create | Villager (Male) |
| 17:52 | Build | Farm |
| 17:53 | Build | Farm |
| 17:54 | Build | Farm |
| 18:06 | Research | Castle Age |
| 18:16 | Build | Lumber Camp |
| 18:21 | Create | Archer |
| 18:31 | Create | Archer |
| 18:54 | Research | Fletching |
| 19:01 | Research | Horse Collar |
| 19:01 | Research | Gold Mining |
| 19:06 | Build | Farm |
| 19:12 | Build | Farm |
| 19:25 | Create | Archer |
| 19:48 | Create | Archer |
| 19:48 | Create | Archer |
| 20:23 | Create | Archer |
| 20:31 | Create | Villager (Male) |
| 20:48 | Build | House |
| 20:48 | Build | House |
| 20:49 | Build | House |
| 20:49 | Age | Castle Age |
| 20:54 | Research | Crossbowman (upgrade) |
| 20:54 | Research | Bodkin Arrow |
| 21:01 | Create | Knight |
| 21:14 | Create | Villager (Male) |
| 21:15 | Research | Bow Saw |
| 21:26 | Build | Palisade Wall |
| 21:36 | Create | Villager (Male) |
| 21:37 | Create | Knight |
| 22:01 | Create | Knight |
| 22:08 | Create | Villager (Male) |
| 22:16 | Create | Archer |
| 22:25 | Research | Scale Barding Armor |
| 22:25 | Research | Scale Barding Armor |
| 22:26 | Create | Knight |
| 22:59 | Create | Villager (Male) |
| 23:00 | Create | Knight |
| 23:01 | Create | Archer |
| 23:01 | Create | Archer |
| 23:05 | Create | Villager (Male) |
| 23:08 | Build | House |
| 23:22 | Create | Archer |
| 23:28 | Create | Villager (Male) |
| 23:35 | Research | Wheelbarrow |
Build order — Oni.TheViper
First 150 of 469 actions detected
| 0:00 | Create | Villager (Male) |
| 0:00 | Create | Villager (Male) |
| 0:01 | Build | House |
| 0:02 | Build | House |
| 0:05 | Create | Villager (Male) |
| 0:05 | Create | Villager (Male) |
| 1:27 | Create | Villager (Male) |
| 1:43 | Build | Lumber Camp |
| 1:51 | Create | Villager (Male) |
| 2:15 | Create | Villager (Male) |
| 2:42 | Create | Villager (Male) |
| 3:01 | Create | Villager (Male) |
| 3:23 | Build | House |
| 3:26 | Create | Villager (Male) |
| 3:55 | Create | Villager (Male) |
| 4:13 | Build | Mill |
| 4:20 | Create | Villager (Male) |
| 4:24 | Create | Villager (Male) |
| 4:42 | Create | Villager (Male) |
| 5:02 | Create | Villager (Male) |
| 5:22 | Create | Villager (Male) |
| 5:27 | Create | Villager (Male) |
| 5:32 | Build | House |
| 6:06 | Create | Villager (Male) |
| 6:39 | Research | Loom |
| 6:55 | Build | Palisade Wall |
| 6:56 | Build | Palisade Wall |
| 6:57 | Build | Palisade Wall |
| 6:58 | Build | Palisade Wall |
| 7:24 | Research | Feudal Age |
| 8:15 | Create | Villager (Male) |
| 8:26 | Build | Palisade Wall |
| 8:40 | Create | Villager (Male) |
| 9:35 | Build | House |
| 9:40 | Age | Feudal Age |
| 9:42 | Create | Villager (Male) |
| 10:08 | Create | Villager (Male) |
| 10:10 | Build | Barracks |
| 10:13 | Build | Barracks |
| 10:14 | Research | Double-Bit Axe |
| 10:15 | Research | Horse Collar |
| 10:17 | Build | House |
| 10:33 | Create | Villager (Male) |
| 10:38 | Create | Villager (Male) |
| 10:49 | Build | Palisade Wall |
| 10:49 | Build | Palisade Wall |
| 10:51 | Build | Palisade Wall |
| 10:57 | Create | Villager (Male) |
| 11:08 | Build | Archery Range |
| 11:10 | Build | Archery Range |
| 11:16 | Build | House |
| 11:29 | Create | Villager (Male) |
| 11:45 | Build | House |
| 11:47 | Create | Villager (Male) |
| 11:52 | Build | Farm |
| 11:53 | Create | Skirmisher |
| 11:54 | Create | Skirmisher |
| 11:58 | Build | House |
| 12:05 | Build | Farm |
| 12:06 | Create | Skirmisher |
| 12:06 | Create | Villager (Male) |
| 12:13 | Create | Skirmisher |
| 12:19 | Build | Farm |
| 12:23 | Create | Skirmisher |
| 12:35 | Build | Farm |
| 12:37 | Build | Farm |
| 12:44 | Build | Farm |
| 12:45 | Build | Farm |
| 12:55 | Create | Skirmisher |
| 13:03 | Build | Farm |
| 13:04 | Build | Farm |
| 13:13 | Build | House |
| 13:19 | Create | Skirmisher |
| 13:30 | Build | Blacksmith |
| 13:33 | Create | Skirmisher |
| 13:38 | Create | Villager (Male) |
| 13:40 | Build | Farm |
| 13:45 | Build | House |
| 13:45 | Build | House |
| 13:52 | Build | House |
| 13:53 | Create | Skirmisher |
| 13:58 | Create | Villager (Male) |
| 14:02 | Build | House |
| 14:03 | Build | Palisade Wall |
| 14:17 | Research | Fletching |
| 14:17 | Research | Fletching |
| 14:23 | Build | Farm |
| 14:27 | Create | Villager (Male) |
| 14:29 | Build | House |
| 14:36 | Build | Farm |
| 14:44 | Create | Skirmisher |
| 14:44 | Create | Skirmisher |
| 14:46 | Create | Skirmisher |
| 15:00 | Create | Villager (Male) |
| 15:08 | Build | Lumber Camp |
| 15:14 | Create | Skirmisher |
| 15:15 | Create | Skirmisher |
| 15:16 | Create | Villager (Male) |
| 15:33 | Create | Villager (Male) |
| 15:35 | Build | Farm |
| 15:52 | Create | Villager (Male) |
| 16:09 | Create | Villager (Male) |
| 16:13 | Create | Villager (Male) |
| 16:22 | Create | Villager (Male) |
| 16:24 | Build | Mining Camp |
| 16:24 | Create | Villager (Male) |
| 16:25 | Build | Farm |
| 16:26 | Build | Farm |
| 16:27 | Build | Mill |
| 16:28 | Build | Farm |
| 16:59 | Create | Spearman |
| 17:13 | Create | Villager (Male) |
| 17:14 | Build | Market |
| 17:15 | Build | House |
| 17:15 | Build | House |
| 17:21 | Create | Skirmisher |
| 17:21 | Create | Skirmisher |
| 17:56 | Create | Villager (Male) |
| 17:57 | Build | Farm |
| 17:59 | Build | Farm |
| 18:09 | Build | Lumber Camp |
| 18:13 | Build | House |
| 18:14 | Build | House |
| 18:15 | Build | House |
| 18:19 | Build | House |
| 18:19 | Build | House |
| 18:29 | Create | Skirmisher |
| 18:29 | Create | Skirmisher |
| 18:48 | Build | Farm |
| 18:49 | Build | Farm |
| 18:50 | Create | Villager (Male) |
| 19:05 | Build | House |
| 19:07 | Build | House |
| 19:07 | Build | House |
| 19:29 | Research | Castle Age |
| 19:47 | Create | Skirmisher |
| 19:47 | Create | Skirmisher |
| 20:02 | Build | Barracks |
| 20:05 | Build | Barracks |
| 20:08 | Research | Scale Mail Armor |
| 20:19 | Create | Skirmisher |
| 20:19 | Create | Skirmisher |
| 20:36 | Create | Skirmisher |
| 20:36 | Create | Skirmisher |
| 21:00 | Build | House |
| 21:05 | Create | Skirmisher |
| 21:12 | Create | Villager (Male) |
| 21:13 | Create | Skirmisher |
| 21:13 | Create | Skirmisher |
| 21:14 | Create | Villager (Male) |
Match timeline
| 4:56 | KSV · first_building Barracks |
| 6:55 | Oni.TheViper · wall_segment Palisade Wall x3 |
| 6:56 | Oni.TheViper · wall_segment Palisade Wall x3 |
| 6:57 | Oni.TheViper · wall_segment Palisade Wall x6 |
| 6:58 | Oni.TheViper · wall_segment Palisade Wall x5 |
| 8:26 | Oni.TheViper · wall_segment Palisade Wall x2 |
| 9:40 | Oni.TheViper · age_up feudal |
| 9:42 | KSV · age_up feudal |
| 10:10 | Oni.TheViper · first_building Barracks |
| 10:13 | KSV · first_building Archery Range |
| 10:49 | Oni.TheViper · wall_segment Palisade Wall x1 |
| 10:49 | Oni.TheViper · wall_segment Palisade Wall x1 |
| 10:51 | Oni.TheViper · wall_segment Palisade Wall x1 |
| 11:08 | Oni.TheViper · first_building Archery Range |
| 11:19 | KSV · wall_segment Palisade Wall x3 |
| 11:21 | KSV · wall_segment Palisade Wall x13 |
| 11:23 | KSV · wall_segment Palisade Wall x9 |
| 11:59 | KSV · wall_segment Palisade Wall x1 |
| 12:35 | KSV · wall_segment Palisade Wall x2 |
| 13:39 | KSV · wall_segment Palisade Wall x12 |
| 13:41 | KSV · wall_segment Palisade Wall x10 |
| 14:03 | Oni.TheViper · wall_segment Palisade Wall x1 |
| 14:58 | KSV · first_building Stable |
| 15:05 | KSV · wall_segment Palisade Wall x2 |
| 16:07 | KSV · wall_segment Palisade Wall x1 |
| 18:02 | KSV · first_market_sell 500 stone |
| 18:03 | KSV · first_market_buy 100 food |
| 20:49 | KSV · age_up castle |
| 21:26 | KSV · wall_segment Palisade Wall x1 |
| 22:09 | Oni.TheViper · age_up castle |
| 23:59 | KSV · first_building Monastery |
| 29:03 | Oni.TheViper · first_building Monastery |
| 29:51 | KSV · wall_segment Palisade Wall x1 |
| 31:38 | KSV · wall_segment Palisade Wall x1 |
| 31:39 | Oni.TheViper · first_market_sell 100 wood |
| 34:42 | KSV · wall_segment Palisade Wall x1 |
| 34:42 | KSV · wall_segment Palisade Wall x1 |
| 34:55 | KSV · first_building Castle |
| 35:03 | KSV · wall_segment Palisade Wall x1 |
| 36:13 | KSV · wall_segment Palisade Wall x2 |
| 36:25 | KSV · age_up imperial |
| 36:38 | KSV · wall_segment Palisade Wall x1 |
| 36:43 | KSV · wall_segment Palisade Wall x1 |
| 36:45 | Oni.TheViper · first_market_buy 100 stone |
| 36:46 | Oni.TheViper · first_building Castle |
| 38:01 | Oni.TheViper · wall_segment Stone Wall x3 |
| 38:02 | Oni.TheViper · wall_segment Stone Wall x2 |
| 38:03 | Oni.TheViper · wall_segment Stone Wall x2 |
| 38:50 | Oni.TheViper · age_up imperial |
| 39:11 | KSV · resign |
[ AI ANALYSIS · 1 CREDIT ]
What really happened in this match?
Wolo.gg analyzes every decision: build order, eco, micro, common mistakes by bracket. Personalized analysis on WhatsApp or Discord in 30 seconds.
Civ guide
Italians
Perfil
Kasva (KSV)